[Event "*** Titled Tuesday Blitz"]
[Site "Chess.com"]
[Date "2019.11.05"]
[Round "7"]
[White "Marcus_Harvey"]
[Black "Tolya2"]
[Result "1-0"]
[WhiteElo "2630"]
[BlackElo "2400"]
[TimeControl "180+2"]
[EndTime "14:38:20 PST"]
[Termination "Marcus_Harvey won by resignation"]

1. d4 d5 2. Nf3 Nf6 3. Bf4 e6 4. e3 Bd6 5. Bxd6 Qxd6 6. Nbd2 c5 7. c4 cxd4 8. Nxd4 O-O 9. cxd5 Nxd5 10. Bc4 Nb6 11. Bb3 Bd7 12. Ne4 Qe7 13. h4 Nc6 14.
h5 h6 15. O-O Rfd8 16. Nb5 Ne5 17. Qd6 Qxd6 18. Nbxd6 Bc6 19. Rfd1 Kf8 20. Nc5 Rab8 21.
Rd4 Ke7 22. Rad1 Nd5 23. Nc4 Nxc4 24. Bxc4 Nf6 25. Be2 Rxd4 26. Rxd4 Rd8 27. Nb3 Bd5 28. Rb4 b6 29. Nd4 Rc8 30. Ra4 a5 31. b4 axb4 32.
Rxb4 Nd7 33. a4 Rc1+ 34. Kh2 Ra1 35. Bb5 Nc5 36. Bc6 Bxc6 37. Nxc6+ Kd6 38. Nd4 Kc7 39. Nb5+ Kc6 40. Rg4 Rxa4 41. Nd4+ Kd6 42. Rxg7 Ke7 43. Rh7 Ne4 44. f3 Nf6 45. Rxh6 Nd5 46. Nc6+ Kd6 47. e4 Kxc6 48. exd5+ Kxd5 49. Kg3 Ra8 50. Rf6 Ra7 51. h6 Ke5 52. h7 Ra8 53. Rxf7 Rb8 54. Kh4 b5 55. Kg5 b4 56. Rd7 b3 57. Rd1 Rg8+ 58. hxg8=Q 1-0

[Event "*** Titled Tuesday Blitz"]
[Site "Chess.com"]
[Date "2019.11.05"]
[Round "7"]
[White "ranu540"]
[Black "codapbg94"]
[Result "0-1"]
[WhiteElo "1718"]
[BlackElo "2152"]
[TimeControl "180+2"]
[EndTime "14:38:20 PST"]
[Termination "codapbg94 won by checkmate"]

1. e4 c5 2. Nf3 d6 3. d4 cxd4 4. Nxd4 Nf6 5. Nc3 a6 6. Bc4 e6 7.
O-O b5 8. Bb3 Be7 9. Be3 O-O 10.
Qd2 Bb7 11. f3 Nbd7 12. Rad1 Rc8 13. Bxe6 fxe6 14. Nxe6 Qe8 15. Nxf8 Qxf8 16. Bg5 Qf7 17. Rfe1 b4 18. Nd5 Nxd5 19. exd5 Bxg5 20. Qxg5 Nf6 21.
Rd2 Bxd5 22. Red1 h6 23. Qf5 Rc5 24. Qd3 a5 25. a3 bxa3 26. bxa3 Qa7 27. Kh1 Qc7 28.
a4 Rc3 29. Qf5 Rc5 30. Qd3 Qc6 31. Kg1 Qxa4 32. Kf2 Qc6 33. Kg1 Qb6 34. Kh1 a4 35. Qa3 Qb5 36. Qd3 Qb4 37. Qa6 Qb7 38. Qxb7 Bxb7 39.
Rxd6 a3 40. Ra1 Ra5 41. Rd3 a2 42. Rd8+ Kf7 43. Rd7+ Nxd7 44. c3 Nc5 45. Kg1 Nb3 46. Rxa2 Rxa2 47. Kf1 Nc5 48. Ke1 Ba6 49. Kd1 Rxg2 50.
Kc1 Rxh2 51. Kd1 Kf6 52. Kc1 Ke5 53. Kd1 Kd5 54. Kc1 Kc4 55. Kd1 Kd3 56. Kc1 Bb5 57.
Kb1 Kxc3 58. Kc1 Rh1# 0-1

[Event "*** Titled Tuesday Blitz"]
[Site "Chess.com"]
[Date "2019.11.05"]
[Round "7"]
[White "zim0ne"]
[Black "Denis_Makhnyov"]
[Result "0-1"]
[WhiteElo "2627"]
[BlackElo "2907"]
[TimeControl "180+2"]
[EndTime "14:38:28 PST"]
[Termination "Denis_Makhnyov won by resignation"]

1. Nf3 Nf6 2. c4 c5 3. g3 b6 4. Bg2 Bb7 5. O-O e6 6. Nc3 Be7 7. d4 cxd4 8. Qxd4 d6 9. Bf4 e5 10. Nxe5 Bxg2 11. Nxf7 Kxf7 12. Kxg2 Qc8 13. Rad1 Qc6+ 14.
f3 Rd8 15. Nd5 Nxd5 16. cxd5 Qe8 17. e4 Nd7 18. b4 Rac8 19. Rc1 Bf6 20. Qd2 Ne5 21.
Bg5 Nc4 22. Qf4 Qe5 23. Qxe5 dxe5 24. Bxf6 gxf6 25. Kf2 Ke7 26. Ke2 b5 27. Ra1 Nb6 28.
Rac1 Kd6 29. f4 Rc4 30. fxe5+ Kxe5 31. Rxc4 Nxc4 32. Rf5+ Kxe4 33. Rxf6 Rd7 34. Rh6 Kxd5 35. Kd3 Rc7 36. Ra6 Ne5+ 37. Ke3 Nc6 38. a3 Re7+ 39.
Kd3 Re6 40. Kd2 Rh6 41. h4 Rg6 42. a4 Kc4 43. axb5 Kxb5 44. Ra3 Kxb4 45. Rf3 a5 46. Kc1 Nd4 47. Rd3 Kc4 48. Ra3 Kb4 49. Re3 a4 50. Kb2 Rc6 51. Re4 Rc2+ 52. Kb1 Rd2 53. Re7 a3 54.
Rb7+ Nb5 55. g4 a2+ 56. Ka1 Ka3 0-1

[Event "*** Titled Tuesday Blitz"]
[Site "Chess.com"]
[Date "2019.11.05"]
[Round "7"]
[White "SerGo055"]
[Black "SaraciNderim"]
[Result "0-1"]
[WhiteElo "2545"]
[BlackElo "2822"]
[TimeControl "180+2"]
[EndTime "14:38:30 PST"]
[Termination "SaraciNderim won by resignation"]

1. d4 d5 2. Nf3 Nf6 3. c4 dxc4 4. e3 b5 5. a4 c6 6. b3 e6 7. axb5 cxb5 8. bxc4 b4 9. Nbd2 a5 10. c5 Be7 11. Bd3 O-O 12. O-O Bxc5 13. Bxh7+ Nxh7 14. dxc5 Nc6 15. Nc4 Ba6 16. Qc2 Qe7 17. Bb2 Qxc5 18.
Rfc1 Qxc4 19. Qxc4 Bxc4 20. Rxc4 Rfc8 21. Rg4 f6 22.
Rc4 a4 23. Nd2 a3 24. Bc1 Nf8 25. Nb3 Nd7 26. Bd2 Nde5 27. Re4 Kf7 28. f4 Nd3 29. Kf1 Na5 30. Nxa5 Rxa5 31. Bxb4 Ra4 32. Rxa3 Rxb4 33. Ra7+ Kg6 34. Rxb4 Nxb4 35. Kf2 Nd5 36. Ra3 Rc3 37. Rxc3 Nxc3 38. Kf3 f5 39. g4 Ne4 40. h4 Nf6 41.
h5+ Kh7 42. gxf5 exf5 43. Kg3 Kh6 44. Kf3 Kxh5 45. Kg3 g6 46. Kf3 Kh4 47. e4 0-1

[Event "*** Titled Tuesday Blitz"]
[Site "Chess.com"]
[Date "2019.11.05"]
[Round "7"]
[White "ferdipy"]
[Black "CzechmVIII"]
[Result "0-1"]
[WhiteElo "2201"]
[BlackElo "2120"]
[TimeControl "180+2"]
[EndTime "14:38:31 PST"]
[Termination "CzechmVIII won by resignation"]

1. e4 c5 2. Nf3 d6 3. d4 cxd4 4. Nxd4 Nf6 5. Nc3 g6 6. Be3 Bg7 7. Bc4 O-O 8. f3 Nc6 9. Qd2 Bd7 10. O-O-O Rc8 11. Bb3 Ne5 12. g4 b5 13. Kb1 b4 14.
Nd5 Nxd5 15. exd5 a5 16. c3 bxc3 17. bxc3 a4 18. Bc2 Nc4 19. Qc1 Qb6+ 20. Ka1 Nxe3 21. Qxe3 Rc4 22. Be4 Rfc8 23. Rd3 Rb8 24. Qd2 Qc5 25.
h4 Bxd4 26. cxd4 Qb6 27. h5 Rb4 28. Rc3 Rb2 29. Qe3 Qa5 30. Rb1 Rxb1+ 31. Bxb1 Qxd5 32.
hxg6 hxg6 33. Rc7 Be6 34. Qc3 Rxb1+ 35. Kxb1 Qxa2+ 36. Kc1 Qf2 37. d5 Qf1+ 38. Kb2 a3+ 39. Kxa3 Qa6+ 40. Kb2 Qb5+ 41. Kc1 Qxd5 42. Rxe7 Qg5+ 43.
f4 Qxe7 44. f5 gxf5 45. gxf5 Bxf5 46. Qg3+ Bg6 47. Kd2 Qe5 48. Qh4 Qd5+ 49. Ke2 Qd3+ 50. Ke1 Qb1+ 51. Kd2 Qc2+ 52. Ke1 Qe4+ 53. Qxe4 Bxe4 0-1

[Event "*** Titled Tuesday Blitz"]
[Site "Chess.com"]
[Date "2019.11.05"]
[Round "7"]
[White "KL31"]
[Black "NemtsevIgor"]
[Result "1-0"]
[WhiteElo "2497"]
[BlackElo "2281"]
[TimeControl "180+2"]
[EndTime "14:38:32 PST"]
[Termination "KL31 won by checkmate"]

1. d4 Nf6 2. Nf3 g6 3. c4 Bg7 4.
Nc3 O-O 5. e4 d6 6. h3 e5 7. d5 Na6 8. Bg5 h6 9. Be3 Nc5 10. Nd2 a5 11. Be2 b6 12. g4 Nh7 13.
h4 Bd7 14. h5 g5 15. Nf1 Nf6 16. Ng3 Re8 17. f3 Bf8 18. Qd2 a4 19. O-O-O Nh7 20. Kb1 Bg7 21. Nb5 Ra5 22. Rc1 Ra8 23. Rc3 Qc8 24. Rhc1 Qb7 25. Kc2 Ra5 26. Kd1 Raa8 27. Ke1 Qc8 28. Kf2 Qb7 29. Kg2 Qc8 30. b4 axb3 31. axb3 Nf8 32. b4 Nb7 33. Qb2 f5 34. Nxf5 Bxf5 35. gxf5 Nh7 36. c5 bxc5 37. bxc5 Qd8 38.
cxd6 Nxd6 39. Nxc7 Rb8 40. Rb3 Rxb3 41. Qxb3 Nf6 42.
Nxe8 Qxe8 43. Qb6 Bf8 44. Bc5 Nxh5 45. Bxd6 Nf4+ 46. Kf1 Qh5 47. Bxf8 Qh1+ 48. Qg1 Qh3+ 49. Ke1 Qh4+ 50. Kd2 Kxf8 51. Qc5+ Kg7 52. Qe7+ Kg8 53.
Rc8# 1-0

[Event "*** Titled Tuesday Blitz"]
[Site "Chess.com"]
[Date "2019.11.05"]
[Round "7"]
[White "pedro_gines"]
[Black "joshdaruca"]
[Result "0-1"]
[WhiteElo "2539"]
[BlackElo "2694"]
[TimeControl "180+2"]
[EndTime "14:38:37 PST"]
[Termination "joshdaruca won by resignation"]

1. d4 Nf6 2. Nf3 e6 3. g3 b5 4. Bg2 Bb7 5. O-O d5 6. a4 b4 7. a5 c5 8. c3 c4 9. cxb4 Bxb4 10. Qa4+ Nc6 11. a6 Qb6 12. axb7 Qxb7 13. Ne5 Rc8 14.
Nxc6 Rxc6 15. Qxa7 Qxa7 16. Rxa7 O-O 17. Nc3 Rb6 18.
Na4 Rbb8 19. Bf4 Ra8 20. Rxa8 Rxa8 21. Nc5 Ra2 22. Rb1 h6 23. h4 Ra5 24. Bd6 Ne8 25.
Bf4 Nf6 26. Bf3 Bxc5 27. dxc5 Rxc5 28. Be5 Ra5 29. Bxf6 gxf6 30. e3 Rb5 31. Kf1 f5 32. Ke2 Kg7 33. Kd2 Kf6 34. Bd1 Ra5 35. Kc3 Ra2 36.
Bc2 Ke5 37. f4+ Kf6 38. h5 Ra8 39. Rg1 Ra2 40. g4 fxg4 41. Rxg4 Ra1 42. Rg8 Rh1 43. e4 Rh3+ 44. Kd4 dxe4 45. Bxe4 Rh4 46. Kxc4 Rxf4 47. Kd4 Ke7 48. Ke3 Rh4 49. Bf3 Rb4 50. Rh8 Kf6 51.
Rxh6+ Kg7 52. Rxe6 fxe6 53. Be4 Rxb2 54. Kf4 Rb5 55. Bg6 Kf6 56. Ke4 Rb4+ 57. Ke3 Rh4 58.
Kf3 Kg5 59. Ke3 e5 60. Kf3 Rh3+ 61. Ke4 Kf6 62. Be8 Rh4+ 63. Kf3 e4+ 64. Kg3 e3 65.
Kf3 e2 0-1

[Event "*** Titled Tuesday Blitz"]
[Site "Chess.com"]
[Date "2019.11.05"]
[Round "7"]
[White "sergeikim"]
[Black "Philosopherrr"]
[Result "1-0"]
[WhiteElo "2545"]
[BlackElo "2359"]
[TimeControl "180+2"]
[EndTime "14:38:40 PST"]
[Termination "sergeikim won by resignation"]

1. d4 Nf6 2. c4 e6 3. Nc3 c5 4. d5 exd5 5. cxd5 d6 6. e4 g6 7. Nge2 Bg7 8. Ng3 h5 9. Be2 O-O 10. Bg5 a6 11. a4 Qe8 12. Qd2 Nbd7 13. O-O Nh7 14. Bh4 Rb8 15. f4 Ndf6 16. e5 dxe5 17. f5 e4 18. d6 Bd7 19. fxg6 fxg6 20. Nd5 Nxd5 21. Qxd5+ Qe6 22. Bc4 Bd4+ 23. Kh1 Qxd5 24.
Bxd5+ Kg7 25. Nxe4 Bxa4 26. Be7 Rxf1+ 27. Rxf1 Bc6 28.
Rf7+ Kh6 29. Bxc6 bxc6 30. d7 Rxb2 31. Rf1 Rb8 32. d8=Q Rxd8 33. Bxd8 g5 34. h4 gxh4 35. Bxh4 Kg6 36. Bd8 c4 37. Ba5 c5 38. Rc1 Kf5 39. Nd6+ Kg4 40. Rxc4 Nf6 41. Bb6 Nd7 42. Ba5 Ne5 43. Rc2 Nd3 44. Ne4 Kf4 45. Nd2 Nf2+ 46. Kh2 Ng4+ 47. Kh3 Bf6 48. Nf3 Be7 49. Bc7+ Ke4 50.
Kg3 Kd5 51. Bf4 c4 52. Rd2+ Kc6 53. Re2 Bc5 54. Ne5+ Nxe5 55. Bxe5 a5 56. Kf4 a4 57. Ke4 a3 58. Ba1 Kb5 59. Kd5 Bf8 60. Re8 Bh6 61.
Rb8+ Ka4 62. Kxc4 Ka5 1-0

[Event "*** Titled Tuesday Blitz"]
[Site "Chess.com"]
[Date "2019.11.05"]
[Round "7"]
[White "nailbeshirli"]
[Black "Indianlad"]
[Result "1-0"]
[WhiteElo "2688"]
[BlackElo "3000"]
[TimeControl "180+2"]
[EndTime "14:38:41 PST"]
[Termination "nailbeshirli won by checkmate"]

1. e4 c6 2. d4 d5 3. Nc3 dxe4 4. Nxe4 Nf6 5. Nxf6+ exf6 6. c3 Bd6 7. Bd3 O-O 8.
Qc2 Re8+ 9. Ne2 h5 10. O-O Na6 11. Re1 Nc7 12. Bf4 Bg4 13. Bxd6 Qxd6 14. Ng3 h4 15. Ne4 Qd5 16. f3 Bh5 17. Qf2 h3 18. Qg3 Qd8 19. Qxh3 Bg6 20. Nf2 Bxd3 21. Nxd3 Ne6 22. Qg3 Qd5 23.
Re3 Kf8 24. a3 a5 25. Rae1 Qb5 26. Qf2 Nc7 27. Nc5 Rxe3 28. Qxe3 Re8 29. Qc1 Rxe1+ 30. Qxe1 Qxb2 31. h4 b6 32. Nd7+ Kg8 33. Qe7 Qc1+ 34. Kh2 Qf4+ 35. Kh3 Nd5 36. Qe8+ Kh7 37. Qxf7 Qf5+ 38.
Kg3 Qf4+ 39. Kf2 Qxh4+ 40. Kg1 Qe1+ 41. Kh2 Qh4+ 42. Kg1 Qg5 43. Nf8+ Kh6 44. Qg8 Qe3+ 45. Kh2 Qf4+ 46. g3 Qd2+ 47. Kh3 Qd3 48. Qh8+ Kg5 49.
Qh4+ Kf5 50. Qg4# 1-0

[Event "*** Titled Tuesday Blitz"]
[Site "Chess.com"]
[Date "2019.11.05"]
[Round "7"]
[White "Squirlolz"]
[Black "LuckIsMySkill"]
[Result "0-1"]
[WhiteElo "2532"]
[BlackElo "2761"]
[TimeControl "180+2"]
[EndTime "14:38:42 PST"]
[Termination "LuckIsMySkill won by resignation"]

1. Nc3 a6 2. d4 b5 3. e4 Bb7 4. Bd3 g6 5. f4 Bg7 6. Nf3 d6 7. a4 b4 8. Ne2 Nd7 9. O-O c5 10.
c3 a5 11. e5 Nh6 12. Ng3 Qb6 13. Kh1 O-O 14. Ng5 e6 15. Be3 cxd4 16. Bxd4 Nc5 17.
N3e4 Nf5 18. Bg1 bxc3 19. bxc3 Qd8 20. Nxc5 dxc5 21. Be4 Bxe4 22. Nxe4 c4 23. Rb1 Qd5 24. Qe2 Qc6 25. Rb5 Rfd8 26. Nc5 Bf8 27. Qxc4 Rd2 28. Qe4 Qxe4 29. Nxe4 Ra2 30. Rb7 Rxa4 31. Ng5 Be7 32. g4 Bxg5 33. gxf5 Bh6 34. fxe6 fxe6 35. Bd4 Rf8 36.
Rb6 Rxf4 37. Rxf4 Bxf4 38. Rxe6 Ra2 39. Ra6 Rxh2+ 40. Kg1 Re2 41. e6 Kf8 42. Kf1 Re4 43. Bc5+ Kg7 44. Bd4+ Be5 45. Ra7+ Kf6 46. Rxa5 Bxd4 47. cxd4 Rxd4 48. Ra7 h5 49. e7 Re4 50. Ra6+ Kf7 0-1

[Event "*** Titled Tuesday Blitz"]
[Site "Chess.com"]
[Date "2019.11.05"]
[Round "7"]
[White "adricalderon8"]
[Black "Kimster98"]
[Result "0-1"]
[WhiteElo "2362"]
[BlackElo "2549"]
[TimeControl "180+2"]
[EndTime "14:38:43 PST"]
[Termination "Kimster98 won by resignation"]

1. e4 e5 2. Nf3 Nf6 3. d3 Nc6 4. Be2 d5 5. Nbd2 Bc5 6. O-O O-O 7. Nb3 Bd6 8. exd5 Nxd5 9. Re1 Bg4 10. h3 Bh5 11.
Bg5 f6 12. Bd2 Qd7 13. Nh4 Bxe2 14. Qxe2 g6 15. a3 Rfe8 16. Rad1 f5 17. Nf3 b6 18. c4 Nf6 19. Bc3 Qe7 20. Qd2 Rad8 21. Qg5 Nh5 22.
Qxe7 Rxe7 23. g3 Nf6 24. Kg2 h6 25. Nc1 Kf7 26. b4 Rde8 27. Nb3 Re6 28. b5 Nb8 29. a4 Nbd7 30. a5 R6e7 31. axb6 axb6 32. Ra1 e4 33. dxe4 Nxe4 34. Bd4 Ndc5 35. Nxc5 Bxc5 36. Bxc5 Nxc5 37. Rxe7+ Rxe7 38. Rd1 Re2 39. Rd2 Rxd2 40. Nxd2 Kf6 41. f4 g5 42. Kf3 Ne6 43. Ke3 gxf4+ 44. gxf4 Ke7 45. Nf3 Nc5 46. Kd4 Kd6 47. Nh4 Ke6 48.
Nf3 Kd6 49. Ne5 Ne6+ 50. Ke3 Kc5 51. h4 h5 52. Kf3 Kd4 53. Kg3 Ke4 54. Ng6 Ke3 55.
Ne7 Ke4 56. Nd5 Kd4 57. Ne7 Kxc4 58. Nxf5 Kxb5 59. Ne3 Kc5 60. f5 Nf8 61. Kf4 Kd4 62.
Nc2+ Kd5 63. Nb4+ Kd6 64. Nd3 c5 65. f6 c4 66. Kf5 cxd3 0-1

[Event "*** Titled Tuesday Blitz"]
[Site "Chess.com"]
[Date "2019.11.05"]
[Round "7"]
[White "Guenplen"]
[Black "RainForestt"]
[Result "1-0"]
[WhiteElo "2955"]
[BlackElo "2563"]
[TimeControl "180+2"]
[EndTime "14:38:51 PST"]
[Termination "Guenplen won by checkmate"]

1. Nf3 d5 2. e3 Nf6 3. c4 c6 4. Nc3 dxc4 5. Bxc4 b5 6. Bb3 e6 7. O-O b4 8. Ne2 Nbd7 9. d4 Be7 10. Nf4 O-O 11. Re1 c5 12. e4 Nb6 13. e5 Nfd5 14. Bc2 Nxf4 15. Bxf4 c4 16. h4 Bb7 17. Ng5 h6 18.
Ne4 Bxe4 19. Rxe4 Nd5 20. Bxh6 f5 21. exf6 Nxf6 22. Rg4 Rf7 23. Rg3 Bd6 24. Rg6 Be7 25. Bg5 Qd6 26. Qe2 Raf8 27. Re1 Qxd4 28. Qxe6 Ng4 29.
Be3 Nxe3 30. Rxe3 Bxh4 31. g3 Bd8 32. b3 c3 33. Rg4 Qf6 34. Qxf6 Rxf6 35. Re2 a5 36.
Kg2 R6f7 37. f4 Rf6 38. Bd3 Rd6 39. Bc4+ Kh7 40. Kf3 Bf6 41. Rh2+ Bh4 42. Rgxh4+ Rh6 43. Rxh6+ gxh6 44. g4 Rd8 45. g5 h5 46. Rxh5+ Kg7 47. Rh2 Re8 48. Kg4 Re3 49. f5 Re4+ 50. Kf3 Re1 51. Kf4 Rd1 52. f6+ Kg6 53. Rh6# 1-0

[Event "*** Titled Tuesday Blitz"]
[Site "Chess.com"]
[Date "2019.11.05"]
[Round "7"]
[White "Olga_Ustinova"]
[Black "13MiRacLe"]
[Result "1-0"]
[WhiteElo "2411"]
[BlackElo "2587"]
[TimeControl "180+2"]
[EndTime "14:38:52 PST"]
[Termination "Olga_Ustinova won by resignation"]

1. d4 Nf6 2. Nf3 g6 3. Bf4 d6 4. h3 Bg7 5. e3 O-O 6. c3 b6 7. Be2 Bb7 8. Nbd2 Nbd7 9. O-O Re8 10. a4 a5 11. Bh2 e5 12. dxe5 dxe5 13. Nc4 e4 14. Nd4 Nc5 15. Nb5 Na6 16. Qxd8 Rexd8 17. Nxc7 Rac8 18. Nb5 Rc6 19. Rad1 Rxd1 20. Rxd1 h5 21.
Rd8+ Kh7 22. Na7 Re6 23. Nd6 Nc5 24. Bb5 Bd5 25. Nxf7 Bh6 26. Nxh6 Kxh6 27. Rd6 Bb3 28. Rxe6 Nxe6 29. Nc8 Nd5 30. Bc6 Nc5 31. Bxd5 Bxd5 32. Nxb6 Bb3 33. Bc7 Bxa4 34. Nxa4 Nxa4 35. b4 axb4 36.
cxb4 Nc3 37. Bf4+ g5 38. Be5 Nb5 39. Kf1 g4 40. hxg4 hxg4 41. Ke2 Kg6 42. Bd4 Kf5 43. Bc5 Ke6 44. Kf1 Kf5 45. Kg1 Nc3 46. Kh2 Nb5 47.
Kg3 Nc3 48. Kh4 Nb5 49. Kh5 Nc3 50. Kh6 Nd1 51. b5 Ke6 52. b6 Kd7 53. Bd4 Nxf2 54.
Kg5 Kc6 55. Kf4 Nd3+ 56. Kxe4 Nb4 57. Kf4 1-0

[Event "*** Titled Tuesday Blitz"]
[Site "Chess.com"]
[Date "2019.11.05"]
[Round "7"]
[White "joppie2"]
[Black "GadimbayliA"]
[Result "0-1"]
[WhiteElo "2882"]
[BlackElo "2935"]
[TimeControl "180+2"]
[EndTime "14:38:57 PST"]
[Termination "GadimbayliA won by resignation"]

1. e4 e5 2. Nf3 Nf6 3. d4 Nxe4 4. Bd3 d5 5. Nxe5 Nd7 6. Nc3 Nxe5 7. dxe5 Bb4 8. O-O Bxc3 9. bxc3 O-O 10. c4 Be6 11. Qf3 Nc5 12. Ba3 Nxd3 13. Bxf8 Nxe5 14. Qg3 Ng6 15.
Bb4 d4 16. Rad1 Bxc4 17. Rfe1 b6 18. a4 c5 19. Bd2 Qd7 20. a5 b5 21. h4 h5 22. c3 d3 23. Be3 Qd5 24. a6 Bb3 25.
Rd2 Bc2 26. Rc1 Qc4 27. Qg5 b4 28. cxb4 cxb4 29. g4 Qxg4+ 30. Qxg4 hxg4 31. Rdxc2 dxc2 32. Rxc2 Nxh4 33. Rc4 Nf5 34. Bf4 Re8 35. Rxb4 Re1+ 36. Kg2 Ra1 37. Rb5 Nd4 38. Rb8+ Kh7 39. Be5 Nc6 40. Bxa1 Nxb8 41. Kg3 f5 42. Bd4 Nc6 43. Be3 Kg6 44. Kh4 Kf6 45. Kh5 Ke5 46. Kg5 Ke4 47. Bc5 Ke5 48. Kg6 Ke4 49. Kg5 Nb8 50. Bxa7 Nxa6 51. Kg6 Nb4 52. Kxg7 f4 53. Kg6 Nd3 54.
Kg5 Kf3 55. Bb8 Nxf2 56. Kf5 Nh3 57. Ba7 g3 58. Bb6 g2 59. Ba7 g1=Q 0-1

[Event "*** Titled Tuesday Blitz"]
[Site "Chess.com"]
[Date "2019.11.05"]
[Round "7"]
[White "FelixJoseYnojosa"]
[Black "ural58"]
[Result "1-0"]
[WhiteElo "2639"]
[BlackElo "2458"]
[TimeControl "180+2"]
[EndTime "14:38:59 PST"]
[Termination "FelixJoseYnojosa won by resignation"]

1. c4 e5 2. Nc3 Nc6 3. Nf3 Bb4 4.
e3 Bxc3 5. bxc3 e4 6. Nd4 Nf6 7. Be2 Ne5 8. O-O O-O 9. f3 d6 10. Qc2 c5 11. Nb3 Bf5 12. fxe4 Bxe4 13. d3 Bg6 14. e4 Qd7 15. Bg5 Ne8 16. Nd2 Nc7 17. h3 Ne6 18. Be3 f6 19. d4 Nf7 20. Bg4 Qe7 21. Rae1 Rfe8 22. h4 h5 23. Bf5 Nf8 24.
Qd1 cxd4 25. cxd4 Bxf5 26. exf5 d5 27. c5 b6 28. Nb3 Qd7 29. Qxh5 Re4 30. Bf2 Rae8 31.
Rc1 Qa4 32. Rc2 Nh6 33. Qf3 Ng4 34. c6 Rc8 35. c7 Qd7 36. Rfc1 Nh6 37. Nd2 Re7 38.
g4 Nf7 39. Bg3 Nd6 40. Qf4 Nb5 41. a4 Na3 42. Rc6 Re2 43. Qd6 Qxd6 44. Rxd6 Rxd2 45. Rd8 Rxc7 46. Rxc7 Rd3 47. Bd6 Nc4 48. Bxf8 Rd1+ 49. Kf2 Rd2+ 50. Ke1 Rxd4 51. Bxg7+ 1-0

[Event "*** Titled Tuesday Blitz"]
[Site "Chess.com"]
[Date "2019.11.05"]
[Round "7"]
[White "NZT72"]
[Black "Sjakkerntobi"]
[Result "1/2-1/2"]
[WhiteElo "2498"]
[BlackElo "2146"]
[TimeControl "180+2"]
[EndTime "14:39:04 PST"]
[Termination "Game drawn by repetition"]

1. c4 Nf6 2. g3 c5 3. Bg2 d5 4.
cxd5 Nxd5 5. Nc3 Nc7 6. Nf3 Nc6 7. O-O e5 8. a3 f6 9. e3 Be7 10. d4 cxd4 11. exd4 exd4 12. Ne2 Ne6 13. b4 O-O 14.
Qb3 Kh8 15. Rd1 f5 16. Bb2 Bf6 17. Qc4 Rb8 18. Nexd4 Ncxd4 19. Nxd4 Nxd4 20. Bxd4 Bxd4 21. Rxd4 Qf6 22. Rad1 Be6 23. Qc7 Bb3 24. Rd6 Qg5 25. h4 Qh5 26. Re1 Rbe8 27. Rxe8 Rxe8 28. Rd8 h6 29. Bxb7 Kh7 30. Rxe8 Qxe8 31. Qf4 g6 32.
h5 Qe1+ 33. Kg2 Qe7 34. hxg6+ Kxg6 35. Bf3 Be6 36. Qe5 Qf7 37. a4 Qd7 38. b5 Bb3 39. a5 Ba4 40. b6 axb6 41. axb6 Bc6 42. Qe3 Qb7 43. Bxc6 Qxc6+ 44. Kh2 h5 45. Qb3 Qb7 46. Qe6+ Kg5 47. Qe3+ Kg6 48. Qc5 Kg5 49. Qd6 h4 50.
Qf4+ Kg6 51. Qd6+ Kg5 52. Qd8+ Kg6 53. Qg8+ Kh5 54. Qh8+ Kg6 55. Qe8+ Kg5 56. Qd8+ Kg6 57. Qe8+ Kg5 58. Qe3+ Kg6 59. Qe8+ 1/2-1/2

[Event "*** Titled Tuesday Blitz"]
[Site "Chess.com"]
[Date "2019.11.05"]
[Round "7"]
[White "severomorskij"]
[Black "moro182"]
[Result "1-0"]
[WhiteElo "2883"]
[BlackElo "2724"]
[TimeControl "180+2"]
[EndTime "14:39:07 PST"]
[Termination "severomorskij won by checkmate"]

1. d4 Nf6 2. c4 g6 3. Nc3 Bg7 4. e4 d6 5. Bd3 O-O 6. Nge2 Nc6 7. O-O e5 8. d5 Ne7 9. a4 a5 10. Ra3 Nd7 11. Kh1 Nc5 12. Bc2 f5 13. exf5 Nxf5 14. Ng3 Nd4 15. Bb1 Qh4 16. Nce4 Nxe4 17. Nxe4 Bh6 18. Bxh6 Qxh6 19. c5 Bf5 20. Ng3 Bxb1 21. Qxb1 dxc5 22. Ne4 b6 23. Rh3 Qf4 24. d6 cxd6 25. Nxd6 Rad8 26. Ne4 Kg7 27. Re1 Rf7 28. Rg3 Rfd7 29. h3 Qf5 30. Rg5 Qf4 31. Rg4 Qf8 32.
Ng5 Qf5 33. Qc1 Qxf2 34. Rf1 Ne2 35. Rxf2 Rd1+ 36. Qxd1 Rxd1+ 37. Kh2 Nf4 38. Rgxf4 exf4 39. Ne6+ Kf6 40. Nxf4 Ke5 41. Kg3 Ra1 42. Re2+ Kf5 43. b3 Ra3 44. Re3 c4 45. Ne2 cxb3 46. Nd4+ Kf6 47. Rxb3 Rxa4 48. Rxb6+ Kf7 49. Nf3 Ra3 50. Rb7+ Kg8 51. Kf4 Ra4+ 52. Kg5 Ra2 53. g4 Ra3 54. Ne5 Re3 55. Kf6 h5 56. Kxg6 Kf8 57. Kf6 Kg8 58. g5 Re1 59. Rb8+ Kh7 60. g6+ Kh6 61. Rh8# 1-0

[Event "*** Titled Tuesday Blitz"]
[Site "Chess.com"]
[Date "2019.11.05"]
[Round "7"]
[White "anesar92"]
[Black "GelmanAlexander"]
[Result "1/2-1/2"]
[WhiteElo "2687"]
[BlackElo "2531"]
[TimeControl "180+2"]
[EndTime "14:39:07 PST"]
[Termination "Game drawn - insufficient material"]

1. e4 d5 2. exd5 Qxd5 3. Nc3 Qa5 4. Bc4 Nf6 5. d3 Nc6 6. Bd2 Qc5 7. Nf3 Bg4 8. h3 Qh5 9. Bb5 Bxf3 10. gxf3 Qc5 11.
Be3 Qd6 12. Qe2 a6 13. Ba4 e6 14. O-O-O O-O-O 15. Ne4 Qd5 16. c4 Qa5 17. Bxc6 bxc6 18. Kb1 Be7 19. Rhg1 g6 20. Bd2 Qb6 21. Bc3 Nxe4 22.
fxe4 Rhe8 23. d4 Bf6 24. e5 Be7 25. f4 Rd7 26. Kc2 Red8 27. Qe4 Kb8 28. Rg3 Ka7 29.
Rgd3 Bb4 30. Bxb4 Qxb4 31. Qxc6 Qb7 32. Qxb7+ Kxb7 33. Kc3 c6 34. h4 h5 35. b4 Ka7 36.
a4 Rc8 37. Rb1 Kb6 38. b5 axb5 39. axb5 cxb5 40. Rxb5+ Kc7 41. Rc5+ Kd8 42. Rxc8+ Kxc8 43. d5 exd5 44. cxd5 Ra7 45. Kd4 Ra4+ 46. Kc5 Kd7 47.
Rb3 Ra5+ 48. Kd4 Ra4+ 49. Ke3 Ra7 50. f5 gxf5 51. Kf4 Ra4+ 52. Kxf5 Rxh4 53. Rb7+ Ke8 54. Rb8+ Kd7 55. Rb7+ Ke8 56. e6 fxe6+ 57. Kxe6 Re4+ 58. Kd6 h4 59. Rh7 Rd4 60. Rh8+ Kf7 61. Kc6 Kf6 62.
d6 Kg5 63. d7 Kg4 64. Re8 Kg3 65.
Re3+ Kg2 66. Re4 Rxd7 67. Kxd7 h3 68. Ke6 h2 69. Re2+ Kg1 70. Re1+ Kg2 71. Re2+ Kg1 72. Rxh2 Kxh2 1/2-1/2

[Event "*** Titled Tuesday Blitz"]
[Site "Chess.com"]
[Date "2019.11.05"]
[Round "7"]
[White "GHANDEEVAM2003"]
[Black "MITerryble"]
[Result "1/2-1/2"]
[WhiteElo "2999"]
[BlackElo "2873"]
[TimeControl "180+2"]
[EndTime "14:39:10 PST"]
[Termination "Game drawn by repetition"]

1. Nf3 Nf6 2. c4 b6 3. g3 Bb7 4. Bg2 g6 5. O-O Bg7 6. d4 e6 7.
Nc3 Ne4 8. Qc2 Nxc3 9. Qxc3 O-O 10. Rd1 d6 11. Bg5 Qc8 12. Qd2 Nd7 13. Bh6 Nf6 14.
Rac1 Ne4 15. Qf4 f5 16. Bxg7 Kxg7 17. Ng5 Nxg5 18. Qxg5 Bxg2 19. Kxg2 h6 20. Qe3 Qb7+ 21. f3 Rae8 22. c5 Rf7 23. cxd6 cxd6 24. d5 Rfe7 25.
Qc3+ Kf7 26. Qc6 exd5 27. Qxb7 Rxb7 28. Kf2 Rbe7 29. Rc2 Ke6 30. Rd3 g5 31. Rcd2 Rd7 32. Rxd5 Rc8 33. R5d3 Rc5 34. b4 Rc4 35. a3 d5 36.
Re3+ Kf6 37. Re8 Rc3 38. Rd3 Rxd3 39. exd3 Rc7 40. Ke3 Rc3 41. a4 Ra3 42. a5 bxa5 43. bxa5 Ra4 44. Rd8 Ke6 45. f4 gxf4+ 46. gxf4 h5 47.
h4 a6 48. Rh8 d4+ 49. Kf3 Rxa5 50. Rh6+ Kf7 51. Rxh5 Kg6 52. Rg5+ Kf6 53. h5 Ra3 54. h6 Rxd3+ 55. Kg2 Rd2+ 56. Kh3 Rd3+ 57. Kh2 Rd2+ 58.
Kh3 Rd3+ 59. Kh2 Rd2+ 60. Kh3 1/2-1/2

[Event "*** Titled Tuesday Blitz"]
[Site "Chess.com"]
[Date "2019.11.05"]
[Round "7"]
[White "CarlssonLudvig"]
[Black "Niklas2304"]
[Result "0-1"]
[WhiteElo "2463"]
[BlackElo "2347"]
[TimeControl "180+2"]
[EndTime "14:39:10 PST"]
[Termination "Niklas2304 won by checkmate"]

1. d4 Nf6 2. c4 g6 3. Nf3 Bg7 4. Nc3 d5 5. Qa4+ Bd7 6. Qd1 c6 7. cxd5 cxd5 8. Bf4 O-O 9. Ne5 Nc6 10. Nxd7 Qxd7 11.
e3 Nh5 12. Bg3 Rac8 13. Be2 Nxg3 14. hxg3 e5 15. dxe5 d4 16. Bg4 Qc7 17. exd4 Rcd8 18. d5 Qxe5+ 19. Be2 Nd4 20. O-O Nxe2+ 21. Qxe2 Qxe2 22.
Nxe2 Rxd5 23. Nc3 Rd2 24. Rab1 Rfd8 25. Na4 R8d4 26. Nc5 Rb4 27. a3 Rbxb2 28. Nxb7 Rxf2 29. Rxb2 Rxb2 30. Nd6 Bd4+ 31. Kh2 f5 32. Rd1 Bf2 33.
Nc8 Rb3 34. Nxa7 Bxg3+ 35. Kh1 Rxa3 36. Nc6 Re3 37. Nd4 Re1+ 38. Rxe1 Bxe1 39. Nf3 Bg3 40. Kg1 Kg7 41. Kf1 Kf6 42. Ke2 g5 43. Ng1 g4 44.
Ke3 Ke5 45. Ne2 f4+ 46. Kd3 h5 47. Ng1 Bf2 48. Ne2 h4 49. Kd2 Be3+ 50. Ke1 Ke4 51.
Kf1 Kd3 52. g3 hxg3 53. Nxg3 fxg3 54. Kg2 Bf4 55. Kh1 Ke3 56. Kg2 Ke2 57. Kg1 Kf3 58.
Kf1 g2+ 59. Kg1 Be3+ 60. Kh2 g1=Q# 0-1